 Dungeon Crawl Stone Soup version 0.29-a0-885-gb26ba3297d (webtiles) character file.

Game seed: 2100114631926978609

15 Snarg the Vexing (level 2, 14/14 HPs)
             Began as a Spriggan Arcane Marksman on July 20, 2022.
             Was a Follower of Trog.
             Quit the game on level 1 of the Dungeon.
             The game lasted 00:01:55 (591 turns).

Snarg the Vexing (Spriggan Arcane Marksman)          Turns: 591, Time: 00:01:55

Health: 14/14      AC:  2    Str:  6    XL:     2   Next: 34%
Magic:  4/5        EV: 17    Int: 14    God:    Trog [*.....]
Gold:   23         SH:  0    Dex: 15    Spells: 2/3 levels left

rFire   . . .      SeeInvis +   a - +0 sling
rCold   . . .      Faith    .   (no shield)
rNeg    . . .      Spirit   .   c - +0 robe
rPois   .          Reflect  .   (helmet restricted)
rElec   .          Harm     .   (no cloak)
rCorr   .          Rampage  .   (gloves unavailable)
Will    .....                   (boots unavailable)
Stlth   +.........              (no amulet)
HPRegen 0.04/turn               (no ring)
MPRegen 0.09/turn               (no ring)

@: very quick
A: very small, no large weapons, unfitting armour, see invisible, speed 3
a: Renounce Religion, Berserk


You were on level 1 of the Dungeon.
You worshipped Trog.
Trog was aware of your devotion.
You visited 1 branch of the dungeon, and saw 1 of its levels.

You collected 23 gold pieces.

Inventory:

Hand Weapons
 a - a +0 sling (weapon)
 d - a +0 rapier
Missiles
 f - 6 stones
Armour
 c - a +0 robe (worn)
Scrolls
 b - 2 scrolls of vulnerability
Potions
 e - a potion of might {unknown}
 g - 2 potions of mutation {unknown}
 h - a potion of curing {unknown}


   Skills:
 + Level 1.0 Fighting
 + Level 2.5 Ranged Weapons
 + Level 2.8 Dodging
 - Level 1.3 Spellcasting
 - Level 3.9 Hexes


You had 2 spell levels left.
You knew the following spells:

 Your Spells              Type           Power      Damage    Failure   Level
a - Slow                  Hex            48%        N/A       4%          1

Your spell library contained the following spells:

 Spells                   Type           Power      Damage    Failure   Level
 Inner Flame              Hex/Fire       6%         N/A       32%         3
 Portal Projectile        Hex/Tloc       12%        N/A       32%         3
 Cause Fear               Hex            6%         N/A       45%         4


Dungeon Overview and Level Annotations

Branches:
Dungeon (1/15)

Altars:
Trog


Innate Abilities, Weirdness & Mutations

You are very small and have problems with some larger weapons.
You are too small for most types of armour.
You have supernaturally acute eyesight. (SInv)
You cover ground extremely quickly. (Speed+++)


Message History

[Y]es or [N]o only, please.
Really attack while wielding nothing?
Okay, then.
Unknown command.
Unknown command.
Casting: Slow (safe; 4% risk of failure)
Confirm with . or Enter, or press ? or * to list all spells.
Aiming: Slow (safe; 4% risk of failure)
Press: ? - help, Shift-Dir - straight line, f/p - dart slug
Aim: a dart slug (almost dead, chance to affect: 68%)
The dart slug seems to slow down.
The dart slug launches a dart at you. The slug dart misses you.
a - a +0 sling (weapon)
Your line of fire to the dart slug is blocked by a withered plant.
Unknown command.
Unknown command.
You shoot a sling bullet. The sling bullet hits the dart slug.
You kill the dart slug!
A nearby demonic plant withers and dies.
There is a faded altar of an unknown god here.
You cannot tell which god this altar belongs to.
Convert to them anyway?
Trog accepts your prayer! Trog welcomes you!
You can now go berserk at will.
Unknown command.
Press < or > to pray at altars.
Okay, then.
Unknown command.
Press < or > to pray at altars.
Casting: Slow (safe; 4% risk of failure)
Confirm with . or Enter, or press ? or * to list all spells.
Okay, then.
Unknown command.
Press < or > to pray at altars.
Unknown command.
Press < or > to pray at altars.
Unknown command.
Press < or > to pray at altars.
Are you sure you want to abandon this character and quit the game? (Confirm with "yes".)

.##P..##..### #...#
#..P..P.#...# #...#
###.P..P..#...# #...#
#.#.PP.P..#...# ##...#
#.P...P...#.[# #.....
#.P.......#..# #.....
#..P...P..#..# #.....
#.........#..####.....
#####@#####..'........
#P...PP...#..###......
#.....P.PP#.........[.
#..PP....P#...........
#.....P...#..........#
..#P...PP.#.#####.#####
####.......#.# #.# #
#....P..#.#####.## #
....†....# #


There were no monsters in sight!

Vanquished Creatures
  A dart slug (D:1)
  2 giant cockroaches (D:1)
  A goblin (D:1)
  A hobgoblin (D:1)
  4 ball pythons (D:1)
  2 frilled lizards (D:1)
  2 rats (D:1)
13 creatures vanquished.

Vanquished Creatures (others)
  A demonic plant (D:1)
1 creature vanquished.

Grand Total: 14 creatures vanquished

Notes
Turn   | Place    | Note
-------+----------+-------------------------------------------
     0 | D:1      | Snarg the Spriggan Arcane Marksman began the quest for the
                  | Orb.
     0 | D:1      | Reached XP level 1. HP: 9/9 MP: 3/3
   174 | D:1      | Reached XP level 2. HP: 14/14 MP: 5/5
   197 | D:1      | Reached skill level 1 in Fighting
   564 | D:1      | Found a faded altar of an unknown god.
   590 | D:1      | Prayed at the altar of an unknown god.
   590 | D:1      | Became a worshipper of Trog the Wrathful
   590 | D:1      | Reached * piety under Trog
   591 | D:1      | Quit the game

Illustrated notes

Levels and vault maps discovered:
D:1:      scummos_arrival_gate, layout_basic, shapermc_ecumenical_altar_gd

Skill      XL: |  1  2 |
---------------+-------+-----
Fighting       | 1 |  1.0
Ranged Weapons | |  2.5
Dodging        | |  2.8
Spellcasting   | |  1.3
Hexes          | |  3.9

Action                   || total
-------------------------++-------
 Fire: Sling             ||    37
 Cast: Slow              ||     4
Armor: Robe              ||     1
Dodge: Dodged            ||     3

Table legend: (Time is in decaauts)
 A = Elapsed time spent in this place.
 B = Non-inter-level travel time spent in this place.
 C = Inter-level travel time spent in this place.
 D = Time resting spent in this place.
 E = Time spent auto-exploring this place.
 F = Levels seen in this place.
 G = Mean time per level.
                   A        B        C        D        E       F      G
               +--------+--------+--------+--------+--------+-----+--------+
         Total |    462 |    458 |      4 |    103 |    252 |   1 |  462.0 |
       Dungeon |    462 |    458 |      4 |    103 |    252 |   1 |  462.0 |
               +--------+--------+--------+--------+--------+-----+--------+

Top non-repeatable levels by time:
     D:1: 462 daAuts
